 Dungeon Crawl Stone Soup version 0.30-b1-2-g02819fbbbe (webtiles) character file.

Game seed: 3381123202263985659

1575 snakesoul the Chopper (level 8, 0/71 HPs)
             Began as a Hill Orc Fighter on June 13, 2023.
             Was a Believer of Okawaru.
             Slain by a wyvern (8 damage)
             ... on level 6 of the Dungeon.
             The game lasted 00:16:30 (6793 turns).

snakesoul the Chopper (Hill Orc Fighter)            Turns: 6793, Time: 00:16:31

Health: 0/71       AC:  6    Str: 21    XL:     8   Next: 91%
Magic:  8/8        EV:  9    Int: 11    God:    Okawaru [**....]
Gold:   240        SH:  6    Dex: 16    Spells: 7/7 levels left

rFire   + + +        a - +0 war axe
rCold   . . .        c - +0 buckler
rNeg    . . .        z - +0 scale mail "Hocaff" {rPois}
rPois   +            v - -2 helmet of the Cicada {Drain rF+++ Will+ Int+3 Stlth-}
rElec   .            (no cloak)
rCorr   +            (no gloves)
SInv    .            (no boots)
Will    +....        (no amulet) Stlth
                     C - +6 ring of dexterity
HPRegen 0.31/turn    s - ring of resist corrosion
MPRegen 0.11/turn

%: no passive effects
@: no status effects
A: no striking features
a: Renounce Religion, Heroism


You were on level 6 of the Dungeon.
You worshipped Okawaru.
Okawaru was pleased with you.
You visited 2 branches of the dungeon, and saw 7 of its levels.

You collected 428 gold pieces.
You spent 188 gold pieces at shops.

Inventory:

Hand Weapons
 a - a +0 war axe (weapon)
 b - a +4 sling
Missiles
 e - 3 javelins (quivered)
Armour
 c - a +0 buckler (worn)
 q - a +0 scale mail
 v - the -2 helmet of the Cicada (worn) {Drain rF+++ Will+ Int+3 Stlth-}
   (You took it off Robin on level 4 of the Dungeon)

   Int:       It affects your intelligence (+3).
   rF:        It renders you almost immune to fire.
   Drain:     It drains your maximum health when unequipped.
   Will:      It increases your willpower.
   Stlth:     It makes you less stealthy.
 z - the +0 scale mail "Hocaff" (worn) {rPois}
   (You bought it in a shop on level 4 of the Dungeon)

   rPois:     It protects you from poison.
Jewellery
 s - a ring of resist corrosion (right hand)
 x - a ring of positive energy
 B - a ring of willpower
 C - a +6 ring of dexterity (left hand)
Wands
 g - a wand of roots (4)
Scrolls
 d - a scroll of silence {unknown}
 f - a scroll of amnesia {unknown}
 h - 2 scrolls of teleportation {unknown}
 i - 12 scrolls of identify {unknown}
 k - 4 scrolls of noise {unknown}
 l - a scroll of magic mapping {unknown}
 r - a scroll of poison {unknown}
 w - a scroll of vulnerability {unknown}
 y - a scroll of fog {unknown}
 A - 2 scrolls of blinking {unknown}
Potions
 j - a potion of degeneration {unknown}
 m - 3 potions of attraction {unknown}
 n - a potion of brilliance {unknown}
 o - a potion of resistance {unknown}
 p - a potion of ambrosia {unknown}
 t - 2 potions of flight {unknown}
 u - 4 potions of mutation {unknown}


   Skills:
 + Level 6.8 Fighting
 + Level 7.3 Axes
 + Level 3.8 Ranged Weapons
 + Level 6.3 Armour
 + Level 6.2 Shields


You had 7 spell levels left.
You didn't know any spells.
Your spell library contained the following spells:

 Spells                   Type           Power      Damage    Failure   Level
 Beastly Appendage        Tmut           0%         N/A       71%         1
 Blink                    Tloc           0%         N/A       85%         2
 Lesser Beckoning         Tloc           0%         N/A       85%         2
 Momentum Strike          Conj/Tloc      0%         3d8       85%         2
 Wereblood                Tmut           0%         N/A       85%         2
 Spider Form              Tmut/Pois      0%         N/A       97%         3


Dungeon Overview and Level Annotations

Branches:
Dungeon (6/15)             Temple (1/1) D:4

Altars:
Cheibriados
Dithmenos
Elyvilon
Fedhas
Gozag
Hepliaklqana
Kikubaaqudgha
Makhleb
Nemelex Xobeh
Okawaru
Ru
Sif Muna
Trog
Uskayaw
Wu Jian
Xom
Zin
The Shining One

Shops:
D:1 !   D:4 [

Annotations:
D:6 1 runed translucent door, Crazy Yiuf
Temple 2 transporters


Message History

No target in view!
b - a +4 sling (weapon)
Found a stone.
You now have 227 gold pieces (gained 12).
i - 12 scrolls labelled JYMOSK DESUMIM (gained 1)
A - 2 scrolls labelled FEJAMIK VURODGH (gained 1)
m - 3 fuming orange potions (gained 1)
Found an escape hatch in the ceiling.
You now have 240 gold pieces (gained 13).
There is an escape hatch in the ceiling here.
Found a stone staircase leading down.
A wyvern comes into view.
The wyvern hisses angrily.
You shoot a sling bullet. The sling bullet hits the wyvern!
The wyvern is heavily wounded.
You shoot a sling bullet.
The sling bullet hits the wyvern but does no damage.
The wyvern is heavily wounded.
a - a +0 war axe (weapon)
You barely miss the wyvern.
The wyvern is heavily wounded.
The wyvern misses you. The wyvern bites you!
You hit the wyvern.
The wyvern is heavily wounded.
The wyvern barely misses you.
You barely miss the wyvern.
The wyvern is heavily wounded.
The wyvern bites you! x2
You are too injured to fight recklessly!
You are too injured to fight recklessly!
You are too injured to fight recklessly!
You hit the wyvern but do no damage.
The wyvern is heavily wounded.
You block the wyvern's attack. The wyvern bites you!
* * * LOW HITPOINT WARNING * * *
You barely miss the wyvern.
The wyvern is heavily wounded.
The wyvern bites you but does no damage.
The wyvern bites you!
You die...

##+#######...####
#..## ##..# #...#
..######.#.# #
.>.......#.#
##########.#
#.##########.
#....@l......
#############


You could see a wyvern.

Vanquished Creatures
  Sigmund (D:6)
  Eustachio (D:6)
  A steam dragon (D:5)
  A water moccasin (D:6)
  3 ogres
  A phantom (D:5)
  Blork the orc (D:4)
  2 scorpions
  3 hounds
  A jelly (D:4)
  An orc priest (D:3)
  An iguana (D:5)
  3 sleepcaps
  An orc wizard (D:5)
  Robin (D:4)
  7 adders
  2 white imps (D:5)
  An ufetubus (D:5)
  3 worms
  2 dart slugs
  21 orcs
  9 endoplasms
  2 giant cockroaches
  14 hobgoblins
  3 jackals (D:1)
  4 quokkas
  10 ball pythons
  5 bats
  A frilled lizard (D:3)
  18 goblins
  8 kobolds
  10 rats
142 creatures vanquished.

Notes
Turn   | Place    | Note
-------+----------+-------------------------------------------
     0 | D:1      | snakesoul the Hill Orc Fighter began the quest for the Orb.
     0 | D:1      | Reached XP level 1. HP: 19/19 MP: 1/1
   133 | D:1      | Reached skill level 3 in Axes
   147 | D:1      | Reached XP level 2. HP: 20/27 MP: 2/2
   325 | D:1      | Found Ludigano's Distillery.
   361 | D:1      | Reached XP level 3. HP: 29/33 MP: 3/3
   417 | D:1      | Bought a potion of curing for 36 gold pieces
   981 | D:2      | You fall into a shaft and drop 2 floors!
  1056 | D:3      | Reached skill level 4 in Axes
  1106 | D:3      | Reached XP level 4. HP: 38/40 MP: 4/4
  1725 | D:2      | Found a faded altar of an unknown god.
  2087 | D:3      | Found a sparkling altar of Nemelex Xobeh.
  2544 | D:3      | Reached XP level 5. HP: 22/47 MP: 5/5
  2895 | D:4      | Noticed Blork the orc
  2909 | D:4      | Killed Blork the orc
  2910 | D:4      | Reached skill level 1 in Ranged Weapons
  3037 | D:4      | Reached XP level 6. HP: 44/53 MP: 6/6
  3038 | D:4      | Reached skill level 5 in Axes
  3183 | D:4      | Identified the -2 helmet of the Cicada {Drain rF+++ Will+
                  | Int+3 Stlth-}
  3183 | D:4      | Noticed Robin
  3199 | D:4      | Killed Robin
  3384 | D:4      | Reached skill level 5 in Fighting
  3526 | D:4      | Found a staircase to the Ecumenical Temple.
  3544 | Temple   | Entered the Ecumenical Temple
  3544 | Temple   | Found a transporter.
  3544 | Temple   | Found a transporter.
  3546 | Temple   | Found a transporter.
  3546 | Temple   | Found a transporter.
  3561 | Temple   | Became a worshipper of Warmaster Okawaru
  3730 | D:4      | Found Somnus's Armour Boutique.
  3737 | D:4      | Bought the +0 scale mail "Hocaff" {rPois} for 152 gold
                  | pieces
  4076 | D:5      | Entered Level 5 of the Dungeon
  4090 | D:5      | Reached XP level 7. HP: 61/61 MP: 7/7
  4190 | D:5      | Reached skill level 5 in Armour
  4261 | D:5      | Reached * piety under Okawaru
  4262 | D:5      | Reached skill level 5 in Shields
  4276 | D:5      | Reached skill level 6 in Axes
  4950 | D:5      | Reached XP level 8. HP: 44/70 MP: 8/8
  5387 | D:6      | Noticed Eustachio
  5388 | D:6      | Noticed Sigmund
  5715 | D:6      | Found a sacrificial altar of Ru.
  6059 | D:6      | Killed Sigmund
  6060 | D:6      | Reached skill level 7 in Axes
  6113 | D:6      | Reached ** piety under Okawaru
  6251 | D:6      | Found a shimmering altar of Xom.
  6280 | D:6      | HP: 3/71 [Eustachio/+0 trident (3)]
  6281 | D:6      | Killed Eustachio
  6636 | D:6      | Found a runed translucent door.
  6637 | D:6      | Noticed Crazy Yiuf
  6785 | D:6      | Noticed a wyvern
  6793 | D:6      | Slain by a wyvern

Illustrated notes

Levels and vault maps discovered:
D:1:      giann_wishing_wells, layout_basic, serial_shops,
          nicolae_shop_waterfront, hangedman_decor_diamond_cutter,
          minmay_hexomino_f4
D:2:      minmay_general_purpose_star, layout_basic,
          dreamdust_ecumenical_altar_angels_and_demons, st_stairs_6
D:3:      layout_basic, old_standard_altar, corexii_corridor_pit
D:4:      layout_loops_ring, minmay_temple_entry_slanted, serial_shops, shop,
          serial_glass, glass_columns_a, glass_columns_c, glass_columns_a,
          glass_columns_a, glass_columns_c, glass_columns_a, glass_columns_a,
          glass_columns_c, minivault_5, minmay_misc_feat_iff, uniq_robin,
          uniq_blork_the_orc
D:5:      layout_basic
D:6:      layout_basic, xom_butterflies, nicolae_ru_sacrificial_ziggurat,
          portal_sewer_entry_d, uniq_eustachio, uniq_crazy_yiuf_cottage,
          uniq_sigmund
Temple:   hellmonk_temple_divided_pantheon

Skill      XL: |  1  2  3  4  5  6  7  8 |
---------------+-------------------------+-----
Axes           | 3 4 5 6 7 |  7.3
Fighting       | 4 5 6 |  6.8
Armour         | 4 5 6 |  6.3
Shields        | 4 5 6 |  6.2
Ranged Weapons | 1 2 3 |  3.8

Action                     |  1- 3 |  4- 6 |  7- 9 || total
---------------------------+-------+-------+-------++-------
  Melee: War axe           |    83 |   126 |   175 ||   384
   Fire: Sling             |       |    68 |    48 ||   116
  Throw: Javelin           |       |       |     4 ||     4
 Invoke: Heroism           |       |       |     1 ||     1
    Use: Potion            |       |     1 |     4 ||     5
 Armour: Scale mail        |    38 |    48 |    93 ||   179
  Dodge: Dodged            |    33 |    52 |   110 ||   195
  Block: Buckler           |    17 |    27 |    72 ||   116
